 Dungeon Sprint DCSS version 0.24.0-125-gc4c63601f3 (webtiles) character file.

Game seed: 13583015855032211952, levelgen mode: deterministic

15333 Ponchio the Eclecticist (level 12, -3/82 HPs)
             Began as a Deep Elf Earth Elementalist on Feb 17, 2020.
             Was the Champion of Vehumet.
             Slain by an unseen horror (8 damage)
             ... in the Dungeon (Sprint I: "Red Sonja").
             The game lasted 00:20:24 (2747 turns).

Ponchio the Eclecticist (DEEE)                      Turns: 2747, Time: 00:20:24

Health: -3/82      AC:  3    Str:  5    XL:     12   Next: 0%
Magic:  33/38      EV: 21    Int: 26    God:    Vehumet [******]
Gold:   1571       SH:  0    Dex: 15    Spells: 30/51 levels left

rFire    + . .     SeeInvis .   n - staff of wizardry
rCold    . . .     Gourm    .   (no shield)
rNeg     . . .     Faith    .   c - +0 robe
rPois    .         Spirit   .   k - +0 helmet
rElec    .         Reflect  .   (no cloak)
rCorr    .         Harm     .   (no gloves)
MR       +....     Rnd*Rage +   (no boots) Stlth +.........NoTele +
                                (no amulet)
HPRegen  0.23/turn              i - ring of protection from fire
MPRegen  0.26/turn              (no ring)

@: glowing
A: berserk 1
a: Renounce Religion


You were in the Dungeon.
You worshipped Vehumet.
Vehumet was exalted by your worship.
You were not hungry.

You visited 1 branch You collected 1591 gold pieces.
You spent 20 gold pieces at shops.

Inventory:

Missiles
 b - 105 stones (quivered)
Armour
 c - a +0 robe (worn)
 k - a +0 helmet (worn)
Magical Staves
 n - an uncursed staff of wizardry (weapon)
Jewellery
 i - a ring of protection from fire (left hand)
 m - an uncursed amulet of inaccuracy
Wands
 a - a wand of digging (9)
Potions
 e - 3 potions of curing
 f - a potion of heal wounds
 g - a potion of haste
 h - 3 potions of magic
 l - a potion of lignification
Comestibles
 d - 2 rations


   Skills:
 - Level 12.9 Fighting
 - Level 13.1 Dodging
 - Level 2.4 Stealth
 + Level 20.2 Spellcasting
 - Level 1.1 Transmutations
 + Level 18.3 Earth Magic


You had 30 spell levels left.
You knew the following spells:

 Your Spells              Type           Power        Failure   Level  Hunger
a - Sandblast             Erth           ######       0%          1    None
b - Passwall              Tmut/Erth      ######..     1%          2    None
c - Stone Arrow           Conj/Erth      ######       1%          3    None
d - Petrify               Tmut/Erth      ######..     1%          4    None
e - Lee's Rapid Deconstr  Erth           #######...   1%          5    None
f - Freezing Cloud        Conj/Ice/Air   ####......   24%         6    ##.....

Your spell library contained the following spells:

 Spells                   Type           Power        Failure   Level  Hunger
 Bolt of Draining         Conj/Necr      ####......   5%          5    None


Dungeon Overview and Level Annotations

Branches:
Dungeon (1/1)

Altars:
Cheibriados
Dithmenos
Elyvilon
Fedhas
Gozag
Hepliaklqana
Kikubaaqudgha
Makhleb
Nemelex Xobeh
Okawaru
Qazlal
Ru
Sif Muna
Trog
Uskayaw
Vehumet
Wu Jian
Xom
Yredelemnul
Zin
The Shining One
Jiyva
Lugonu

Shops:
D ?}([[%}(*!*?[(([:(*[?


Innate Abilities, Weirdness & Mutations

You tend to lose your temper in combat.


Message History

A stone wall.
This square is lit by a halo.
The wall shatters!
The blast of rock fragments hits the unseen horror!!
The unseen horror is severely wounded.
The blast of rock fragments hits the unseen horror!!
The unseen horror is almost dead.
The blast of rock fragments hits the unseen horror!!
The unseen horror is heavily wounded.
The unseen horror hits you! x2; The unseen horror misses you.
The unseen horror completely misses you.
The daeva calls down the wrath of the Shining One upon you.
The Shining One smites you!
* * * LOW HITPOINT WARNING * * *
The daeva calls down the wrath of the Shining One upon you.
The Shining One smites you!
* * * LOW HITPOINT WARNING * * *
The unseen horror closely misses you. The unseen horror misses you.
The unseen horror hits you!
You die...

##########################
')).#..#§..÷§§§...§'..#^^+
#...##'#.####÷§§.§##.†'^^#
#...†..#.# ##.§§#######'#
#####§.'.# ###§# ((## .#
#..##+#### #@##$$$# .#
§..#°^. #xx###$# .≈
#..#..☼○ ##x#A#$# .≈
##'###.)^ #§.###$# )≈.
##.'.#○..# #x##..$# .≈#
.###.#.°## #{. +###
)∩##.#°.# ##.. ####.# ##.
..##§# .#


You could see a daeva and 3 unseen horrors.

Vanquished Creatures
  A hydra (D)
  2 centaur warriors (D)
  Sonja (D)
  2 unseen horrors (D)
  A deep troll (D)
  A lindwurm (D)
  8 shining eyes (D)
  An oklob plant (D)
  A merfolk siren (D)
  2 gargoyles (D)
  4 demonic crawlers (D)
  2 kobold demonologists (D)
  A hellwing (D)
  2 hornets (D)
  A slime creature (D)
  Sigmund (D)
  2 redbacks (D)
  13 hogs (D)
  A yak (D)
  7 floating eyes (D)
  7 necrophages (D)
  An ogre (D)
  8 jellies (D)
  Ijyb (D)
  A ballistomycete spore (D)
72 creatures vanquished.

Vanquished Creatures (others)
  the Lernaean hydra (D)
  A deep elf master archer (D)
  A merfolk siren (D)
  A hornet (D)
  A ballistomycete spore (D)
5 creatures vanquished.

Grand Total: 77 creatures vanquished

Notes
Turn   | Place    | Note
-------+----------+-------------------------------------------
     0 | D        | Ponchio the Deep Elf Earth Elementalist began the quest for
                  | the Orb.
     0 | D        | Reached XP level 1. HP: 10/10 MP: 6/6
     2 | D        | Noticed Ijyb
    10 | D        | Killed Ijyb
    10 | D        | Reached skill level 5 in Spellcasting
    10 | D        | Reached XP level 2. HP: 15/15 MP: 7/10
    77 | D        | Learned a level 2 spell: Passwall
    80 | D        | Noticed an ogre
    82 | D        | Killed an ogre
    82 | D        | Reached skill level 7 in Spellcasting
    82 | D        | Reached XP level 3. HP: 19/19 MP: 8/13
    82 | D        | Reached XP level 4. HP: 24/24 MP: 9/15
   137 | D        | Noticed Sigmund
   140 | D        | Killed Sigmund
   140 | D        | Reached skill level 10 in Spellcasting
   140 | D        | Reached skill level 10 in Earth Magic
   140 | D        | Reached XP level 5. HP: 28/28 MP: 13/20
   193 | D        | Found an ornate altar of the Wu Jian Council.
   193 | D        | Found a shimmering blue altar of Sif Muna.
   200 | D        | Reached skill level 11 in Spellcasting
   200 | D        | Reached XP level 6. HP: 32/32 MP: 20/22
   205 | D        | Learned a level 3 spell: Stone Arrow
   210 | D        | Learned a level 4 spell: Petrify
   216 | D        | Learned a level 5 spell: Lee's Rapid Deconstruction
   221 | D        | Found a radiant altar of Vehumet.
   231 | D        | Became a worshipper of Vehumet
   251 | D        | Found Runap's Antique Armour Emporium.
   251 | D        | Found an ancient bone altar of Kikubaaqudgha.
   251 | D        | Found a hazy altar of Hepliaklqana.
   251 | D        | Found a stormy altar of Qazlal.
   251 | D        | Found a hide-covered altar of Uskayaw.
   251 | D        | Found a blossoming altar of Fedhas.
   251 | D        | Found a bloodstained altar of Trog.
   251 | D        | Found an iron altar of Okawaru.
   251 | D        | Found a basalt altar of Yredelemnul.
   251 | D        | Found a glowing golden altar of the Shining One.
   251 | D        | Found a snail-covered altar of Cheibriados.
   251 | D        | Found a sacrificial altar of Ru.
   251 | D        | Found a glowing silver altar of Zin.
   251 | D        | Found a shadowy altar of Dithmenos.
   251 | D        | Found a white marble altar of Elyvilon.
   251 | D        | Noticed a yak
   253 | D        | Killed a yak
   253 | D        | Reached skill level 12 in Spellcasting
   254 | D        | Found an opulent altar of Gozag.
   255 | D        | Found a sparkling altar of Nemelex Xobeh.
   324 | D        | Noticed Sonja
   326 | D        | Killed Sonja
   326 | D        | Reached skill level 14 in Spellcasting
   326 | D        | Reached XP level 7. HP: 36/36 MP: 14/27
   326 | D        | Reached XP level 8. HP: 41/41 MP: 14/28
   412 | D        | Found Tyqetuily's Magic Scroll Boutique.
   432 | D        | Noticed a deep troll
   435 | D        | Killed a deep troll
   435 | D        | Reached * piety under Vehumet
   435 | D        | Offered knowledge of Magic Dart by Vehumet.
   435 | D        | Reached skill level 16 in Spellcasting
   541 | D        | Found a burning altar of Makhleb.
   541 | D        | Found a viscous altar of Jiyva.
   541 | D        | Found a shimmering altar of Xom.
   541 | D        | Found a corrupted altar of Lugonu.
   541 | D        | Noticed a slime creature
   544 | D        | Killed a slime creature
   544 | D        | Reached skill level 15 in Earth Magic
   604 | D        | Noticed a kobold demonologist
   604 | D        | Noticed a kobold demonologist
   606 | D        | Noticed a hellwing
   607 | D        | Killed a kobold demonologist
   607 | D        | Reached ** piety under Vehumet
   607 | D        | Offered knowledge of Flame Tongue by Vehumet.
   607 | D        | Reached skill level 17 in Spellcasting
   607 | D        | Reached XP level 9. HP: 45/45 MP: 21/32
   609 | D        | Killed a kobold demonologist
   722 | D        | Noticed a centaur warrior
   722 | D        | Noticed a centaur warrior
   731 | D        | Killed a centaur warrior
   731 | D        | Reached skill level 5 in Dodging
   755 | D        | Killed a centaur warrior
   755 | D        | Offered knowledge of Ignite Poison by Vehumet.
  1095 | D        | Reached *** piety under Vehumet
  1112 | D        | Noticed an oklob plant
  1116 | D        | Killed an oklob plant
  1116 | D        | Offered knowledge of Iskenderun's Mystic Blast by Vehumet.
  1116 | D        | Reached XP level 10. HP: 11/64 MP: 13/33
  1440 | D        | Killed an unseen horror
  1440 | D        | Reached **** piety under Vehumet
  1440 | D        | Offered knowledge of Mephitic Cloud by Vehumet.
  1442 | D        | Killed an unseen horror
  1442 | D        | Reached skill level 10 in Dodging
  1594 | D        | Reached ***** piety under Vehumet
  1598 | D        | Reached skill level 10 in Fighting
  1690 | D        | Reached ****** piety under Vehumet
  1690 | D        | Offered knowledge of Venom Bolt by Vehumet.
  1719 | D        | Found Zomoj's Antique Weapon Shoppe.
  1719 | D        | Found Fibruism's Gadget Shop.
  1719 | D        | Found Umovut's General Store.
  1721 | D        | Found Alyro's Distillery.
  1721 | D        | Found Zitruag's General Store.
  1721 | D        | Found Zewn's Magic Scroll Shoppe.
  1721 | D        | Found Viott's Antique Armour Boutique.
  1721 | D        | Found Qicialeq's Antique Weapon Emporium.
  1721 | D        | Found Hialeas's Weapon Shop.
  1721 | D        | Found Conluoc's Armour Shoppe.
  1725 | D        | Found Dubeik's Book Boutique.
  1726 | D        | Found Cemicvie's Assorted Antiques.
  1726 | D        | Found Axups's Weapon Boutique.
  1727 | D        | Found Heskecet's Magic Scroll Emporium.
  1736 | D        | Bought a scroll of identify for 20 gold pieces
  1767 | D        | Found Onamn's Armour Emporium.
  1953 | D        | Noticed a shining eye
  1953 | D        | Noticed a shining eye
  1953 | D        | Noticed a shining eye
  1955 | D        | Noticed a shining eye
  1956 | D        | Killed a shining eye
  1956 | D        | Noticed a shining eye
  1956 | D        | Noticed a shining eye
  1956 | D        | Noticed a shining eye
  1961 | D        | Killed a shining eye
  1961 | D        | Offered knowledge of Freezing Cloud by Vehumet.
  1961 | D        | Killed a shining eye
  1961 | D        | Reached XP level 11. HP: 76/76 MP: 19/34
  1963 | D        | Killed a shining eye
  1963 | D        | Killed a shining eye
  1965 | D        | Killed a shining eye
  1967 | D        | Killed a shining eye
  2066 | D        | Noticed a shining eye
  2068 | D        | Gained mutation: You tend to lose your temper in combat. [a
                  | shining eye]
  2069 | D        | Killed a shining eye
  2107 | D        | Found Homienk's Antique Armour Shop.
  2107 | D        | Found Tiva's Food Boutique.
  2108 | D        | Found Xezuapet's Antique Weapon Emporium.
  2109 | D        | Found Qiykhlopso's Gadget Shoppe.
  2145 | D        | Learned a level 6 spell: Freezing Cloud
  2183 | D        | Offered knowledge of Iskenderun's Battlesphere by Vehumet.
  2187 | D        | Reached skill level 18 in Spellcasting
  2371 | D        | Noticed a lindwurm
  2376 | D        | Killed a lindwurm
  2432 | D        | Offered knowledge of Bolt of Draining by Vehumet.
  2436 | D        | Reached skill level 19 in Spellcasting
  2461 | D        | Noticed a 12-headed hydra
  2478 | D        | Killed a 12-headed hydra
  2541 | D        | Killed a deep elf master archer
  2544 | D        | Noticed a deep elf annihilator
  2546 | D        | Reached skill level 20 in Spellcasting
  2587 | D        | Reached XP level 12. HP: 71/82 MP: 16/38
  2597 | D        | Killed the 27-headed Lernaean hydra
  2689 | D        | Noticed a daeva
  2746 | D        | HP: 4/82 [daeva/divine providence (14)]
  2747 | D        | Slain by an unseen horror

Levels and vault maps discovered:
D:        dungeon_sprint_1 [red_sonja_temple_1, red_sonja_temple_small_1]

Skill      XL: |  1  2  3  4  5  6  7  8  9 10 11 |
---------------+----------------------------------+-----
Spellcasting   | 5 7 10 11 14 17 20 | 20.2
Earth Magic    | 6 8 10 11 13 15 16 18 | 18.3
Fighting       | 7 11 12 | 12.9
Dodging        | 8 12 13 | 13.1
Stealth        | |  2.4
Transmutations | |  1.1

Action                   |  1- 3 |  4- 6 |  7- 9 | 10-12 || total
-------------------------+-------+-------+-------+-------++-------
Melee: Unarmed           |     5 |       |       |       ||     5
 Cast: Sandblast         |     1 |     5 |     1 |     4 ||    11
       Lee's Rapid Decon |       |     3 |    20 |    58 ||    81
  Use: Potion            |     1 |       |       |       ||     1
       Scroll            |       |       |       |     3 ||     3
  Eat: Ration            |       |       |       |     2 ||     2
Armor: Robe              |     1 |       |       |     3 ||     4
Dodge: Dodged            |     1 |     2 |     2 |    36 ||    41
